 Dungeon Crawl Stone Soup version 0.31-a0-234-gad7ace16ef (webtiles) character file.

Game seed: 1892221902632195498

24 qw the Shooter (level 3, 0/21 HPs)
             Began as a Gargoyle Hexslinger on July 9, 2023.
             Slain by a giant cockroach (1 damage)
             ... on level 2 of the Dungeon.
             The game lasted 00:00:19 (514 turns).

qw the Shooter (Gargoyle Hexslinger)                 Turns: 514, Time: 00:00:20

Health: 0/21       AC:  5    Str: 11    XL:     3   Next: 2%
Magic:  4/4        EV: 12    Int: 13    God:
Gold:   0          SH:  0    Dex: 14    Spells: 3/4 levels left

rFire   . . .        Y - +1 sling
rCold   . . .        (no shield)
rNeg    + . .        c - +0 robe
rPois   inf          (no helmet)
rElec   +            (no cloak)
rCorr   +            (no gloves)
SInv    .            (no boots)
Will    .....        (no amulet)
Stlth   +            a - ring of resist corrosion
HPRegen 0.23/turn    (no ring)
MPRegen 0.09/turn

%: no passive effects
@: no status effects
A: sickness immunity, AC +3, negative energy resistance 1, electricity
resistance, torment resistance 1, petrification resistance
a: no special abilities


You were on level 2 of the Dungeon.
You visited 1 branch of the dungeon, and saw 2 of its levels.


Innate Abilities, Weirdness & Mutations

You are immune to sickness and miasma.
Your stone body is resilient. (AC +3)
You are immune to poison.
You resist negative energy. (rN+)
You are resistant to electric shocks. (rElec)
You are resistant to unholy torment.
You are immune to petrification.


   Skills:
 - Level 2.0 Fighting
 + Level 3.0 Ranged Weapons
 - Level 1.5 Dodging
 - Level 1.0 Spellcasting
 - Level 2.6 Hexes


You had 3 spell levels left.
You knew the following spells:

 Your Spells              Type           Power      Damage    Failure   Level
a - Slow                  Hex            28%        N/A       10%         1

Your spell library contained the following spells:

 Spells                   Type           Power      Damage    Failure   Level
 Inner Flame              Hex/Fire       4%         N/A       43%         3
 Portal Projectile        Hex/Tloc       8%         N/A       43%         3
 Cause Fear               Hex            3%         N/A       67%         4

Inventory:

Hand Weapons
 Y - a +1 sling (weapon)
Armour
 c - a +0 robe (worn)
Jewellery
 a - a ring of resist corrosion (left hand)
Potions
 d - a potion of cancellation {unknown}

Dungeon Overview and Level Annotations

Branches:
Dungeon (2/15)

Altars:

Annotations:
D:2 1 runed translucent door, Crazy Yiuf


Message History

The giant cockroach misses you.
The giant cockroach bites you but does no damage.
The giant cockroach closely misses you.
You shoot a sling bullet.
The sling bullet closely misses the adder.
The sling bullet hits the giant cockroach.
The giant cockroach is heavily wounded.
The adder bites you.
The giant cockroach bites you but does no damage. x2
The giant cockroach bites you. The giant cockroach closely misses you.
The giant cockroach bites you. The adder misses you.
The giant cockroach barely misses you. x3
The giant cockroach bites you but does no damage.
The giant cockroach barely misses you.
You shoot a sling bullet.
The sling bullet barely misses the adder.
The sling bullet hits the giant cockroach.
You kill the giant cockroach!
The giant cockroach bites you but does no damage.
The adder misses you.
The giant cockroach bites you but does no damage.
The giant cockroach barely misses you. x2; The giant cockroach bites you.
The giant cockroach closely misses you.
The giant cockroach bites you but does no damage.
The adder barely misses you. The giant cockroach barely misses you.
Your Fighting skill increases to level 2!
You have reached level 3!
Your experience leads to an increase in your attributes!
Increase (S)trength, (I)ntelligence, or (D)exterity?
You feel agile. x2
You shoot a sling bullet. The sling bullet hits the adder.
The adder is moderately wounded.
The giant cockroach completely misses you.
The giant cockroach misses you. The giant cockroach bites you.
The giant cockroach closely misses you. The adder barely misses you.
The giant cockroach bites you but does no damage.
The giant cockroach bites you.
The giant cockroach bites you but does no damage.
The giant cockroach closely misses you. The giant cockroach bites you.
You die...

#####
##....##
##....BB##
.?...BS@B#
#.....BBB#
#......B.#
#...(....#
##......##
##...?##
## ##### #
#. #.#.
#.#.


You could see an adder and 8 giant cockroaches.

Vanquished Creatures
  A worm (D:2)
  A dart slug (D:1)
  2 endoplasms
  3 giant cockroaches
  3 goblins
  A hobgoblin (D:1)
  4 bats
  A kobold (D:1)
  2 rats (D:1)
18 creatures vanquished.

Notes
Turn   | Place    | Note
-------+----------+-------------------------------------------
     0 | D:1      | qw the Gargoyle Hexslinger began the quest for the Orb.
     0 | D:1      | Reached XP level 1. HP: 12/12 MP: 2/2
     0 | D:1      | 0 ||| qw: Version: 0.3-a-51-g015441d
     0 | D:1      | 0 ||| qw: Game counter: 4276
     0 | D:1      | 0 ||| qw: Melee chars always use a shield: true
     0 | D:1      | 0 ||| qw: God list: Okawaru
     0 | D:1      | 0 ||| qw: Allow faded altars: false
     0 | D:1      | 0 ||| qw: Do Orc after clearing Dungeon:15 true
     0 | D:1      | 0 ||| qw: Do second Lair branch before Depths: true
     0 | D:1      | 0 ||| qw: Lair rune preference: random
     0 | D:1      | 0 ||| qw: Goals: Normal
     0 | D:1      | 0 ||| PLANNING D:1-11
    54 | D:1      | HP: 2/12 [frozen (2)]
   120 | D:1      | Reached XP level 2. HP: 16/16 MP: 3/3
   160 | D:1      | Reached skill level 3 in Ranged Weapons
   163 | D:1      | You fall into a shaft and drop 1 floor!
   175 | D:2      | 175 ||| READING scroll labelled KAPLUFI XAUTE.
   176 | D:2      | 176 ||| DROPPING scroll of poison.
   236 | D:2      | HP: 3/16 [worm (8)]
   333 | D:2      | Found a runed translucent door.
   334 | D:2      | Noticed Crazy Yiuf
   464 | D:2      | 464 ||| UPGRADING to ring of resist corrosion.
   512 | D:2      | HP: 4/17 [giant cockroach (2)]
   514 | D:2      | Reached XP level 3. HP: 3/21 MP: 4/4
   514 | D:2      | HP: 1/21 [giant cockroach (2)]
   514 | D:2      | Slain by a giant cockroach

Levels and vault maps discovered:
D:1:      dpeg_arrival_three_bigger_balls, layout_basic
D:2:      minmay_roachtagon, layout_rooms, serial_co_window_serial,
          co_window_paths_a, co_window_corner_a, co_window_cross_1,
          co_window_paths_a, co_window_paths_b, co_window_paths_b,
          co_window_paths_b, co_window_broadway_c, co_window_of_opportunity_b,
          co_window_corner_b, co_window_2corner, co_window_2corner,
          co_window_paths_e, glass_columns_a, basic_altar, corexii_shack,
          uniq_crazy_yiuf_cottage

Skill      XL: |  1  2 |
---------------+-------+-----
Ranged Weapons | 3 |  3.0
Fighting       | 2 |  2.0
Dodging        | |  1.5
Spellcasting   | |  1.0
Hexes          | |  2.6

Action                     || total
---------------------------++-------
   Fire: Sling             ||    90
    Use: Scroll            ||     1
 Armour: Robe              ||    36
  Dodge: Dodged            ||    65

Table legend:
 A = Non-vault XP
 B = Vault XP
 C = Vault XP percentage of total XP
 D = Non-vault monster count
 E = Vault monster count
 F = Vault count percentage of total count
                 A         B        C        D         E       F
            +---------+---------+-------+---------+---------+-------
      Total |      31 |       4 |  11.4 |      16 |       2 |  11.1
            +---------+---------+-------+---------+---------+-------
        D:1 |      19 |       0 |   0.0 |      11 |       0 |   0.0
        D:2 |      12 |       4 |  25.0 |       5 |       2 |  28.6
            +---------+---------+-------+---------+---------+-------
